 Dungeon Crawl Stone Soup version 0.28.0-53-g5a82cb258f (webtiles) character file.

Game seed: 6074348252133488900

33 gobodom the Skirmisher (level 3, -7/29 HPs)
             Began as a Demonspawn Cinder Acolyte on June 21, 2022.
             Was a High Priest of Ignis.
             Mangled by an iguana (10 damage)
             ... on level 2 of the Dungeon.
             The game lasted 00:05:51 (2175 turns).

gobodom the Skirmisher (Demonspawn Cinder Acolyte)  Turns: 2175, Time: 00:05:52

Health: -7/29      AC:  5    Str: 14    XL:     3   Next: 12%
Magic:  0/4        EV: 11    Int: 15    God:    Ignis [*****.]
Gold:   89         SH:  0    Dex: 10    Spells: 2/4 levels left

rFire   + . .      SeeInvis .   a - -1 hand axe (flame)
rCold   . . .      Faith    +   (no shield)
rNeg    . . .      Spirit   .   b - +0 robe
rPois   .          Reflect  .   (no helmet)
rElec   .          Harm     .   (no cloak)
rCorr   .          Rampage  .   i - +2 pair of gloves
Will    .....                   (no boots)
Stlth   +.........              j - amulet of faith
HPRegen 0.09/turn               (no ring)
MPRegen 0.09/turn               (no ring)

@: no status effects
A: demonic touch 1
a: Renounce Religion, Fiery Armour, Foxfire Swarm, Rising Flame


You were on level 2 of the Dungeon.
You worshipped Ignis.
Ignis was extremely pleased with you.
You visited 1 branch of the dungeon, and saw 2 of its levels.

You collected 89 gold pieces.

Inventory:

Hand Weapons
 a - a -1 hand axe of flaming (weapon)
 k - a +0 war axe
Armour
 b - a +0 robe (worn)
 i - a +2 pair of gloves (worn)
Jewellery
 j - an amulet of faith (around neck)
Scrolls
 f - a scroll of teleportation {unknown}
 g - a scroll of immolation {unknown}
 h - a scroll of acquirement {unknown}
Potions
 c - 2 potions of ambrosia {unknown}
 d - a potion of degeneration {unknown}
 e - a potion of mutation {unknown}


   Skills:
 + Level 3.4 Fighting
 + Level 3.2 Axes
 + Level 0.9 Dodging
 + Level 0.5 Stealth
 + Level 1.0 Spellcasting
 + Level 2.7 Fire Magic


You had 2 spell levels left.
You knew the following spells:

 Your Spells              Type           Power      Damage    Failure   Level
a - Scorch                Fire           16%        2d6       12%         2

Your spell library contained the following spells:

 Spells                   Type           Power      Damage    Failure   Level
 Sandblast                Erth           0%         2d4       24%         1
 Passwall                 Tmut/Erth      0%         N/A       36%         2
 Stone Arrow              Conj/Erth      0%         3d7       58%         3


Dungeon Overview and Level Annotations

Branches:
Dungeon (2/15)

Altars:

Shops:
D:2 *


Innate Abilities, Weirdness & Mutations

Your touch may inflict minor irresistible damage on your foes.


Message History

The kobold shouts!
The kobold hits you with a +0 dagger.
You closely miss the kobold.
An iguana comes into view.
The kobold hits you with a +0 dagger.
The iguana hisses angrily.
You hit the kobold but do no damage.
You touch the kobold.
You kill the kobold!
The iguana hisses menacingly.
You see here a +0 dagger.
You hit the iguana but do no damage. The iguana bites you.
You hit the iguana. You burn the iguana.
The iguana is lightly wounded.
The iguana bites you but does no damage.
You hit the iguana but do no damage. Your touch misses the iguana.
The iguana is lightly wounded.
The iguana bites you.
You hit the iguana but do no damage.
The iguana is lightly wounded.
The iguana bites you. The iguana closely misses you.
You are too injured to fight recklessly!
Casting: Scorch (safe; 12% risk of failure)
Confirm with . or Enter, or press ? or * to list all spells.
Flames lash the iguana but do no damage.
The iguana bites you.
Casting: Scorch (safe; 12% risk of failure)
Confirm with . or Enter, or press ? or * to list all spells.
Flames lash the iguana.
The iguana is moderately wounded.
The iguana's fire resistance burns away.
The iguana closely misses you.
You barely miss the iguana. Your touch misses the iguana.
The iguana is moderately wounded.
The iguana bites you!
* * * LOW HITPOINT WARNING * * *
You hit the iguana but do no damage.
You touch the iguana.
The iguana is heavily wounded.
The iguana is no longer more vulnerable to fire.
The iguana bites you!
You die...

### ## #### #.. . ..#
#.#.# #.# #.#.# #.##
#### #..#.####.## ..#
#.###.....#. #.#
#..#..##....
...#.###.####...........
......l@................
.....###.##.#.....##....
... #.##.....####.#.. .
#.###.#.......##. ..#
#.########### ### #.# #
#.# #.# ####### #......


You could see an iguana.

Vanquished Creatures
  3 endoplasms
  A giant cockroach (D:1)
  2 goblins (D:1)
  3 hobgoblins (D:1)
  4 jackals (D:2)
  3 ball pythons
  2 bats (D:1)
  2 frilled lizards (D:1)
  8 kobolds
  4 rats
32 creatures vanquished.

Notes
Turn   | Place    | Note
-------+----------+-------------------------------------------
     0 | D:1      | gobodom the Demonspawn Cinder Acolyte began the quest for
                  | the Orb.
     0 | D:1      | Reached XP level 1. HP: 18/18 MP: 2/2
   490 | D:1      | Gained mutation: Your touch may inflict minor irresistible
                  | damage on your foes. [demonic ancestry]
   490 | D:1      | Reached XP level 2. HP: 19/24 MP: 3/3
   630 | D:1      | Found a faded altar of an unknown god.
  1601 | D:2      | Learned a level 2 spell: Scorch
  1712 | D:2      | Found Modiudac's Assorted Antiques.
  1822 | D:2      | Reached XP level 3. HP: 22/29 MP: 4/4
  2175 | D:2      | Mangled by an iguana

Illustrated notes

Levels and vault maps discovered:
D:1:      beargit_arrival_diablo_church, layout_basic,
          hellmonk_ecumenical_altar_zigzags
D:2:      layout_loops_corners, serial_shops, shop

Skill      XL: |  1 |
---------------+----+-----
Axes           | 3 |  3.2
Fighting       | |  3.4
Dodging        | |  0.9
Stealth        | |  0.5
Spellcasting   | |  1.0
Fire Magic     | |  2.7

Action                   || total
-------------------------++-------
Melee: Hand axe          ||   107
       Punch             ||     1
       Touch             ||     7
 Cast: Scorch            ||     4
 Stab: Sleeping          ||     1
Armor: Robe              ||    23
Dodge: Dodged            ||    71
